 Dungeon Crawl Stone Soup version 0.32-a0-872-g59262bdc9b (webtiles) character file.

Game seed: 4373295345055833529

518 dcgrp the Firebug (level 7, 0/57 HPs)
             Began as a Mountain Dwarf Fire Elementalist on Mar 30, 2024.
             Was a Follower of Okawaru.
             Slain by an ice beast (2 damage)
             ... on level 5 of the Dungeon.
             The game lasted 00:09:57 (5295 turns).

dcgrp the Firebug (MDFE)                            Turns: 5295, Time: 00:09:58

Health: 0/57       AC:  6    Str: 10    XL:     7   Next: 1%
Magic:  6/11       EV:  9    Int: 18    God:    Okawaru [*.....]
Gold:   298        SH:  0    Dex: 10    Spells: 11/12 levels left

rFire   . . .        l - +0 war axe
rCold   . . .        (no shield)
rNeg    . . .        d - +0 ring mail
rPois   .            (no helmet)
rElec   .            (no cloak)
rCorr   .            (no gloves)
SInv    .            n - +0 pair of boots
Will    .....        (no amulet)
Stlth   +            (no ring)
HPRegen 0.29/turn    (no ring)
MPRegen 0.12/turn

%: no passive effects
@: no status effects
A: runic magic, artefact enchanting
a: Renounce Religion, Heroism


You were on level 5 of the Dungeon.
You worshipped Okawaru.
Okawaru was aware of your devotion.
You visited 2 branches of the dungeon, and saw 6 of its levels.

You collected 298 gold pieces.

Inventory:

Hand Weapons
 c - a +0 dagger
 l - a +0 war axe (weapon)
 t - a +2 dagger of draining
 v - a +1 whip of draining
 y - a +1 sling of draining
 D - a +1 heavy trident
Missiles
 h - 10 javelins
 j - 15 poisoned darts
Armour
 d - a +0 ring mail (worn)
 n - a +0 pair of boots (worn)
 u - a +0 chain mail
Scrolls
 a - a scroll of poison {unknown}
 g - a scroll of vulnerability {unknown}
 k - a scroll of revelation {unknown}
 m - 2 scrolls of teleportation {unknown}
 p - 3 scrolls of amnesia {unknown}
 r - 2 scrolls of enchant weapon {unknown}
 s - a scroll of identify {unknown}
 w - a scroll of fear {unknown}
 x - a scroll of brand weapon {unknown}
Potions
 b - a potion of magic
 e - 2 potions of heal wounds {unknown}
 f - a potion of attraction {unknown}
 i - a potion of curing {unknown}
 o - 3 potions of brilliance {unknown}
 q - a potion of might {unknown}
 z - a potion of degeneration {unknown}
 A - a potion of resistance {unknown}
 B - a potion of haste {unknown}
 C - 2 potions of enlightenment {unknown}


   Skills:
 - Level 3.0 Fighting
 - Level 4.0 Axes
 - Level 2.0 Armour
 - Level 1.3 Dodging
 - Level 1.4 Stealth
 - Level 3.0 Spellcasting
 - Level 0.8 Conjurations
 - Level 5.0 Fire Magic
 + Level 4.2 Invocations


You had 11 spell levels left.
You knew the following spells:

 Your Spells              Type           Power      Damage    Failure   Level
a - Foxfire               Conj/Fire      52%        2x1d6     6%          1

Your spell library contained the following spells:

 Spells                   Type           Power      Damage    Failure   Level
 Scorch                   Fire           40%        2d6       3%          2
 Kiss of Death            Conj/Necr      16%        2d6       17%         1
 Sting                    Conj/Alch      16%        1d4       17%         1
 Inner Flame              Hex/Fire       11%        N/A       22%         3
 Volatile Blastmotes      Fire/Tloc      22%        2d11      22%         3
 Mercury Vapours          Alch/Air       4%         N/A       30%         2
 Dazzling Flash           Conj/Hex       8%         N/A       45%         3
 Confusing Touch          Hex            2%         N/A       52%         3
 Flame Wave               Conj/Fire      13%        2d6       52%         4
 Dispel Undead            Necr           2%         3d7       89%         4
 Olgreb's Toxic Radiance  Alch           2%         N/A       89%         4
 Starburst                Conj/Fire      6%         6d4       100%        6
 Maxwell's Capacitive Co  Air            1%         ∞         100%        8
 Summon Cactus Giant      Summ           Unusable   N/A       N/A         6

Dungeon Overview and Level Annotations

Branches:
Dungeon (5/15)             Temple (1/1) D:4

Altars:
Ashenzari
Elyvilon
Fedhas
Gozag
Hepliaklqana
Kikubaaqudgha
Makhleb
Nemelex Xobeh
Okawaru
Qazlal
Ru
Sif Muna
Trog
Uskayaw
Vehumet
Xom
Yredelemnul
Zin


Innate Abilities, Weirdness & Mutations

Your spellcasting is much less encumbered by armour.
You can use scrolls of enchantment on lesser artefacts.


Message History

The orc wizard hits you but does no damage.
The foxfire hits the ice beast but does no damage.
The orc closely misses you.
You hit the ice beast.
The ice beast is lightly wounded.
You hit the orc.
You kill the orc!
Okawaru accepts your kill.
You closely miss the orc wizard.
The foxfire hits the ice beast.
The ice beast is moderately wounded.
The orc wizard barely misses you.
Casting: Foxfire (safe; 6% risk of failure)
Confirm with . or Enter, or press ? or * to list all spells.
You conjure some foxfire!
The ice beast hits you. The ice beast freezes you!
The orc wizard barely misses you.
You completely miss the ice beast.
The ice beast is moderately wounded.
You closely miss the orc wizard.
The foxfire hits the ice beast but does no damage.
The ice beast is moderately wounded.
The foxfire hits the orc wizard.
The orc wizard is moderately wounded.
The orc wizard barely misses you. The ice beast hits you.
The ice beast freezes you!
Casting: Foxfire (safe; 6% risk of failure)
Confirm with . or Enter, or press ? or * to list all spells.
You conjure some foxfire!
The orc wizard gestures at you while chanting.
The magic dart hits you. The ice beast hits you.
* * * LOW HITPOINT WARNING * * *
The ice beast freezes you!
* * * LOW HITPOINT WARNING * * *
You hit the ice beast but do no damage.
The ice beast is moderately wounded.
You hit the orc wizard.
The foxfire hits the ice beast.
The ice beast melts!
The ice beast is moderately wounded.
The foxfire hits the orc wizard.
The orc wizard is almost dead.
The ice beast hits you.
You die...

###..........
###+##............ ..
................# ..
................####.
............###.....
###'##.##)..## ##..
##...####....# #..#
#..)..##.....###Y)#
.......#..##..##@#
.......##..##<.)o##
...[...###. #.....#
#.....## . ##........
##...## #.........
##### ...>......
####....... ##......
......


You could see an ice beast and an orc wizard.

Vanquished Creatures
  A scorpion (D:5)
  A hound (D:4)
  3 orc priests
  A jelly (D:5)
  A sleepcap (D:5)
  2 iguanas (D:5)
  An orc wizard (D:4)
  3 gnolls (D:4)
  8 adders
  2 dart slugs
  12 orcs
  9 endoplasms
  10 goblins
  4 hobgoblins
  4 jackals (D:3)
  4 quokkas
  8 ball pythons
  6 bats
  4 frilled lizards
  8 kobolds
  7 rats
99 creatures vanquished.

Vanquished Creatures (others)
  227 foxfires
227 creatures vanquished.

Grand Total: 326 creatures vanquished

Notes
Turn   | Place    | Note
-------+----------+-------------------------------------------
     0 | D:1      | dcgrp the Mountain Dwarf Fire Elementalist began the quest
                  | for the Orb.
     0 | D:1      | Reached XP level 1. HP: 14/14 MP: 3/3
   195 | D:1      | Reached skill level 1 in Fighting
   195 | D:1      | Reached skill level 1 in Armour
   400 | D:1      | Reached XP level 2. HP: 23/23 MP: 2/4
  1224 | D:2      | Reached XP level 3. HP: 29/29 MP: 3/5
  1322 | D:2      | HP: 1/29 [poisoned by an adder]
  1658 | D:2      | Reached skill level 1 in Axes
  2484 | D:3      | Reached XP level 4. HP: 37/37 MP: 1/6
  2601 | D:3      | Found a sacrificial altar of Ru.
  3517 | D:4      | Reached XP level 5. HP: 11/45 MP: 1/7
  3641 | D:4      | Found a staircase to the Ecumenical Temple.
  3645 | Temple   | Entered the Ecumenical Temple
  3720 | Temple   | Became a worshipper of Warmaster Okawaru
  3820 | D:4      | Reached skill level 1 in Invocations
  3820 | D:4      | HP: 1/45 [something (2)]
  4019 | D:4      | Reached skill level 4 in Fire Magic
  4193 | D:4      | Reached XP level 6. HP: 38/51 MP: 5/9
  4703 | D:5      | Entered Level 5 of the Dungeon
  5163 | D:5      | Reached * piety under Okawaru
  5164 | D:5      | Reached skill level 5 in Fire Magic
  5287 | D:5      | Noticed an ice beast
  5290 | D:5      | Reached XP level 7. HP: 38/57 MP: 9/11
  5294 | D:5      | HP: 2/57 [ice beast (14)]
  5295 | D:5      | Slain by an ice beast

Illustrated notes

Levels and vault maps discovered:
D:1:      eino_arrival_water_star, layout_loops_corners
D:2:      layout_basic, minmay_tetromino_i4
D:3:      layout_basic, nicolae_ru_great_annihilating_truth,
          minmay_misc_feat_ornament
D:4:      layout_basic, minmay_temple_entry_proselytizer, eino_tiny_chamber
D:5:      kennysheep_six_static_rooms, layout_layer_cave,
          gammafunk_temple_overflow_pools, kennysheep_path_1
Temple:   minmay_temple_bridge_d

Skill      XL: |  1  2  3  4  5  6 |
---------------+-------------------+-----
Fighting       | 1 2 3 |  3.0
Armour         | 1 2 |  2.0
Axes           | 1 3 4 |  4.0
Spellcasting   | 2 3 |  3.0
Invocations    | 2 4 |  4.2
Fire Magic     | 4 5 |  5.0
Dodging        | |  1.3
Stealth        | |  1.4
Conjurations   | |  0.8

Action                     |  1- 3 |  4- 6 |  7- 9 || total
---------------------------+-------+-------+-------++-------
  Melee: Dagger            |    40 |       |       ||    40
         War axe           |    29 |    91 |     3 ||   123
   Cast: Foxfire           |    61 |    85 |     3 ||   149
   Stab: Paralysed         |       |     1 |       ||     1
 Armour: Ring mail         |    83 |   111 |     6 ||   200
  Dodge: Dodged            |    50 |    67 |     4 ||   121

Table legend: (Time is in decaauts)
 A = Elapsed time spent in this place.
 B = Non-inter-level travel time spent in this place.
 C = Inter-level travel time spent in this place.
 D = Time resting spent in this place.
 E = Time spent auto-exploring this place.
 F = Levels seen in this place.
 G = Mean time per level.
                   A        B        C        D        E       F      G
               +--------+--------+--------+--------+--------+-----+--------+
         Total |   5338 |   5102 |    236 |      0 |   4106 |   6 |  889.7 |
       Dungeon |   5190 |   5097 |     93 |      0 |   4106 |   5 | 1038.0 |
        Temple |    147 |      4 |    143 |      0 |      0 |   1 |  147.0 |
               +--------+--------+--------+--------+--------+-----+--------+

Top non-repeatable levels by time:
     D:4: 1300 daAuts
     D:1: 1219 daAuts
     D:2: 1120 daAuts
     D:3: 949 daAuts
     D:5: 600 daAuts
  Temple: 147 daAuts
